 Dungeon Crawl Stone Soup version 0.18.1-50-g88ac8fd (webtiles) character file.

67 Nordron the Insei (level 4, -2/29 HPs)
             Began as an Octopode Transmuter on Sept 24, 2016.
             Slain by a jackal (3 damage)
             ... on level 2 of the Dungeon.
             The game lasted 00:06:22 (1319 turns).

Nordron the Insei (Octopode Transmuter)             Turns: 1319, Time: 00:06:22

Health: -2/29      AC:  1    Str:  9    XL:     4   Next: 18%
Magic:  7/7        EV: 12    Int: 15    God:
Gold:   148        SH:  2    Dex: 13    Spells: 1 memorised, 6 levels left

rFire  . . .     SeeInvis .     j - +0 whip
rCold  . . .     Gourm    .     (no shield)
rNeg   . . .     Faith    .     (helmet restricted)
rPois  .         Spirit   .     q - +2 amulet of reflection
rElec  .         Dismiss  .     (no ring)
rCorr  .         Reflect  +     (no ring)
SustAt .         Harm     .     (no ring)
MR     .....                    (no ring)
Stlth  ++........               (no ring)
                                (no ring)
                                (no ring)
                                (no ring)

@: appendage (expiring), not resistant to hostile enchantments, unstealthy
A: almost no armour, amphibious, 8 rings, constrict 8, tentacle spike 3,
camouflage 1, gelatinous body 1
a: End Transformation


You were on level 2 of the Dungeon.
You were hungry.
One of your tentacles had a temporary spike.
You visited 1 branch of the dungeon, and saw 2 of its levels.

You collected 148 gold pieces.

Inventory:

Hand Weapons
 j - a +0 whip (weapon)
Missiles
 a - 23 arrows
Jewellery
 q - a +2 amulet of reflection (around mantle)
Scrolls
 g - a scroll of enchant weapon {unknown}
 h - 2 scrolls of remove curse {unknown}
 i - 2 scrolls of identify {unknown}
 n - a scroll of noise {unknown}
 o - a scroll of teleportation {unknown}
 t - a scroll of immolation {unknown}
Potions
 e - a potion of curing {unknown}
 k - a potion of agility {unknown}
 m - a potion of degeneration {unknown}
 p - 2 potions of brilliance {unknown}
 s - 2 potions of berserk rage {unknown}
Books
 b - a book of Changes

   Spells                             Type                      Level
   a - Beastly Appendage              Transmutation                1
   b - Sticks to Snakes               Transmutation                2
   c - Spider Form                    Transmutation/Poison         3
   d - Ice Form                       Ice/Transmutation            4
   e - Blade Hands                    Transmutation                5
Comestibles
 c - 3 bread rations
 d - 3 fruits
 f - a meat ration
 l - a slice of pizza
 r - a royal jelly


   Skills:
 + Level 2.2 Fighting
 - Level 2.0 Dodging
 - Level 3.3 Unarmed Combat
 - Level 2.1 Spellcasting
 * Level 3.2 Transmutations


You had 6 spell levels left.
You knew the following spells:

 Your Spells              Type           Power        Failure   Level  Hunger
a - Beastly Appendage     Trmt           ##....       8%          1    #......


Dungeon Overview and Level Annotations

Branches:
Dungeon (2/15)

Altars:
Fedhas
Pakellas


Innate Abilities, Weirdness & Mutations

You cannot wear most types of armour.
You are amphibious.
You can wear up to eight rings at the same time.
You can use your tentacles to constrict eight enemies at once.
Your skin changes colour to match your surroundings (Stealth).
Your rubbery body absorbs attacks (AC +1).
One of your tentacles bears a large vicious spike.


Message History

The goblin hits you but does no damage.
You hit the goblin.
You kill the goblin!
You constrict Robin.
Robin hits you with a falchion of holy wrath.
You hit Robin.
You pierce Robin.
You squeeze Robin, but do no damage.
Robin is heavily wounded.
You constrict Robin, but do no damage.
Robin hits you with a falchion of holy wrath.
You barely miss Robin.
Robin is heavily wounded.
You constrict Robin.
Robin hits you with a falchion of holy wrath!
* * * LOW HITPOINT WARNING * * *
You hit Robin.
You kill Robin!
You have reached level 4!
You see here a dagger.
The jackal bites you.
You die...

....>.# ##.##...####
#.....# #########...#
#.....# #.. ..#####
#.....#### #.# #.# ###.
#.......[###.# #.###.....
#......#.....# #.........
######.#.....#####.....gh..
#)...###.#...#)###.....
###..#####.#.#@#.#


ggh ###......(.#...#.h.# . .....(#..########### ..######..#..#
####......#..###... ...#<............# ............###### ...........##
.........#.# You could see a jackal.

Vanquished Creatures
  Robin (D:2)
  An adder (D:2)
  A dart slug (D:1)
  A giant gecko (D:1)
  3 giant cockroaches
  6 goblins
  3 hobgoblins
  6 jackals
  4 kobolds
  2 quokkas (D:2)
  2 ball pythons (D:1)
  5 bats
  A giant newt (D:1)
  4 rats
40 creatures vanquished.

Notes
Turn   | Place    | Note
--------------------------------------------------------------
     0 | D:1      | Nordron the Octopode Transmuter began the quest for the Orb.
     0 | D:1      | Reached XP level 1. HP: 13/13 MP: 3/3
   153 | D:1      | Reached XP level 2. HP: 15/18 MP: 3/5
   594 | D:1      | Reached XP level 3. HP: 24/24 MP: 4/6
  1073 | D:2      | Found a blossoming altar of Fedhas.
  1234 | D:2      | Found an oddly glowing altar of Pakellas.
  1295 | D:2      | Noticed Robin
  1316 | D:2      | HP: 1/24 [Robin/falchion of holy wrath (7)]
  1317 | D:2      | Killed Robin
  1317 | D:2      | Reached XP level 4. HP: 1/29 MP: 7/7
  1319 | D:2      | Slain by a jackal

Skill      XL: |  1  2  3 |
---------------+----------+-----
Fighting       | 2 |  2.2
Transmutations | 3 |  3.2
Dodging        | |  2.0
Unarmed Combat | |  3.3
Spellcasting   | |  2.1

Action                   |  1- 3 |  4- 6 || total
-------------------------+-------+-------++-------
Melee: Unarmed           |    10 |       ||    10
       Tentacles         |    22 |       ||    22
       Constrict         |    19 |       ||    19
       Kick              |    16 |       ||    16
       Whip              |    74 |       ||    74
 Cast: Beastly Appendage |    23 |       ||    23
 Stab: Sleeping          |     6 |       ||     6
  Eat: Chunk             |     1 |       ||     1
Armor: Skin              |     9 |       ||     9
Dodge: Dodged            |    50 |       ||    50
Block: Other             |     2 |       ||     2
